[Event "*** Titled Tuesday Blitz"]
[Site "Chess.com"]
[Date "2021.03.02"]
[Round "2"]
[White "Piccadilly123"]
[Black "woodhy"]
[Result "0-1"]
[WhiteElo "2254"]
[BlackElo "2463"]
[TimeControl "180+1"]
[EndTime "10:15:07 PST"]
[Termination "woodhy won by resignation"]

1. e4 e6 2. Nc3 d5 3. exd5 exd5 4. d4 Bd6 5. Bd3 c6 6. Nge2 Ne7 7. Bf4 O-O 8. Qd2 Bf5 9. O-O-O b5 10. f3 Bxf4 11.
Qxf4 Bxd3 12. Rxd3 Qa5 13. h4 b4 14. Nb1 Qxa2 15. h5 Re8 16. Ng3 h6 17. Re3 Nd7 18.
Qd6 Nb6 19. Rxe7 Rxe7 20. Qxe7 a5 21. Nf5 Nc4 22. Re1 Qxb2+ 23. Kd1 Qxb1+ 24. Ke2 Qxc2+ 25. Kf1 Qxf5 0-1

[Event "*** Titled Tuesday Blitz"]
[Site "Chess.com"]
[Date "2021.03.02"]
[Round "2"]
[White "klimkoj"]
[Black "Firouzja2003"]
[Result "0-1"]
[WhiteElo "2600"]
[BlackElo "3149"]
[TimeControl "180+1"]
[EndTime "10:15:08 PST"]
[Termination "Firouzja2003 won by resignation"]

1. e4 d5 2. exd5 Qxd5 3. Nc3 Qa5 4. d4 Nf6 5. Nf3 Nc6 6. Be2 Bg4 7. O-O O-O-O 8. Bd2 Qf5 9. Be3 e5 10. d5 Nb4 11. Nh4 Qh5 12. Bxg4+ Qxg4 13. Nf3 Nbxd5 14. Nxe5 Qe6 15. Nxd5 Qxe5 16. c4 Nxd5 17. cxd5 Rxd5 18. Qa4 Bd6 19. g3 a6 20. Bf4 Qd4 21. Qb3 Bxf4 22.
Rad1 Bd2 0-1

[Event "*** Titled Tuesday Blitz"]
[Site "Chess.com"]
[Date "2021.03.02"]
[Round "2"]
[White "Xeniya2005"]
[Black "WcmDominicToretto"]
[Result "1-0"]
[WhiteElo "2362"]
[BlackElo "1906"]
[TimeControl "180+1"]
[EndTime "10:15:08 PST"]
[Termination "Xeniya2005 won by resignation"]

1. e4 e5 2. Nf3 Nc6 3. Nc3 Nf6 4. Bb5 Bb4 5. d3 O-O 6. O-O Bxc3 7. bxc3 d6 8. Bg5 h6 9. Bh4 a6 10. Ba4 b5 11. Bb3 a5 12. a4 Na7 13. axb5 Nxb5 14. Qd2 Be6 15. Ba4 Na7 16. Rae1 Qe7 17. h3 Nc8 18.
Nh2 Nb6 19. Bc6 Ra6 20. Bb5 Ra7 21. f4 Bd7 22. Bxd7 Nbxd7 23. Ng4 exf4 24. Qxf4 g6 25. Nxf6+ Nxf6 26. Bxf6 Qe6 27. Qxh6 1-0

[Event "*** Titled Tuesday Blitz"]
[Site "Chess.com"]
[Date "2021.03.02"]
[Round "2"]
[White "Chopper1905"]
[Black "RamyresCoelho"]
[Result "1-0"]
[WhiteElo "2949"]
[BlackElo "2061"]
[TimeControl "180+1"]
[EndTime "10:15:13 PST"]
[Termination "Chopper1905 won by resignation"]

1. d4 Nf6 2. c4 g6 3. Nc3 d5 4. cxd5 Nxd5 5. Bd2 Bg7 6. e4 Nxc3 7. Bxc3 O-O 8. Bc4 c5 9. d5 Bxc3+ 10. bxc3 Qa5 11.
Ne2 Na6 12. h4 e6 13. h5 exd5 14. Bxd5 Be6 15. hxg6 hxg6 16. Qd2 Kg7 17. Qh6+ Kf6 18. Qh4+ Kg7 19. e5 1-0

[Event "*** Titled Tuesday Blitz"]
[Site "Chess.com"]
[Date "2021.03.02"]
[Round "2"]
[White "lagedema"]
[Black "FCChelsea14"]
[Result "1-0"]
[WhiteElo "2513"]
[BlackElo "2708"]
[TimeControl "180+1"]
[EndTime "10:15:14 PST"]
[Termination "lagedema won by resignation"]

1. e4 c6 2. c4 d5 3. exd5 cxd5 4. cxd5 Nf6 5. Nc3 Nxd5 6. Nf3 Nxc3 7. bxc3 g6 8. d4 Bg7 9. h3 O-O 10. Bd3 Nc6 11. O-O e5 12. dxe5 Nxe5 13. Nxe5 Bxe5 14. Bh6 Bg7 15. Bxg7 Kxg7 16. Be4 Rb8 17. Qa4 a6 18.
Rfd1 Qf6 19. Qb4 b6 20. Rd6 a5 21. Qd4 Qxd4 22. cxd4 b5 23. Rc1 Re8 24. Bd3 Rb7 25. Rc5 Re1+ 26. Kh2 Ra1 27. Rxc8 Rxa2 28. f3 b4 29. Be4 Rb5 30. Rc7 b3 31. Rdd7 b2 32. Rxf7+ Kh6 33. h4 1-0

[Event "*** Titled Tuesday Blitz"]
[Site "Chess.com"]
[Date "2021.03.02"]
[Round "2"]
[White "ChessFighter1975"]
[Black "KaterynaLagno"]
[Result "1-0"]
[WhiteElo "2348"]
[BlackElo "2609"]
[TimeControl "180+1"]
[EndTime "10:15:15 PST"]
[Termination "ChessFighter1975 won by checkmate"]

1. d4 Nf6 2. c4 g6 3. Nc3 d5 4.
Nf3 Bg7 5. cxd5 Nxd5 6. Qb3 Nb6 7.
Bg5 O-O 8. Rd1 a5 9. a3 a4 10. Qc2 Be6 11. d5 Bg4 12. e4 Bxf3 13. gxf3 N8d7 14. f4 Nc5 15. Bh3 Nb3 16. O-O Ra5 17.
Bg2 Rc5 18. Qd3 c6 19. dxc6 Qxd3 20. Rxd3 Rxc6 21. Bxe7 Re8 22. Rd8 Rxd8 23. Bxd8 Nc4 24. e5 Nxb2 25. Bxc6 bxc6 26. Ne4 Bf8 27. Nf6+ Kg7 28.
Ne8+ Kg8 29. Nf6+ Kg7 30. Ne8+ Kh6 31. Bg5+ Kh5 32. Nf6# 1-0

[Event "*** Titled Tuesday Blitz"]
[Site "Chess.com"]
[Date "2021.03.02"]
[Round "2"]
[White "AlexTriapishko"]
[Black "KruHor"]
[Result "1-0"]
[WhiteElo "2812"]
[BlackElo "2528"]
[TimeControl "180+1"]
[EndTime "10:15:16 PST"]
[Termination "AlexTriapishko won by resignation"]

1. Nf3 d6 2. g3 e5 3. Bg2 Be7 4. O-O Nf6 5. c4 c6 6. Nc3 O-O 7. e4 Be6 8. b3 b5 9. cxb5 cxb5 10. Nxb5 Na6 11. d4 Nxe4 12. dxe5 dxe5 13. Nxe5 Nac5 14. Nc6 Qe8 15. Nxe7+ Qxe7 16. Ba3 a6 17. Nd4 Nc3 18.
Qc2 1-0

[Event "*** Titled Tuesday Blitz"]
[Site "Chess.com"]
[Date "2021.03.02"]
[Round "2"]
[White "Frogo47"]
[Black "Gabix_94"]
[Result "0-1"]
[WhiteElo "2526"]
[BlackElo "2805"]
[TimeControl "180+1"]
[EndTime "10:15:16 PST"]
[Termination "Gabix_94 won by resignation"]

1. e4 e5 2. Nf3 Nc6 3. Bb5 a6 4. Ba4 b5 5. Bb3 Na5 6. O-O d6 7. d4 exd4 8. c3 Nxb3 9. axb3 d3 10. Qxd3 Be7 11. Rd1 Nf6 12. e5 dxe5 13. Qxd8+ Bxd8 14. Nxe5 Be6 15. c4 bxc4 16. bxc4 O-O 17. Nc3 Be7 18. Nc6 Bd6 19. b3 Rfe8 20. Be3 Ng4 21. h3 Nxe3 22. fxe3 Bd7 23. c5 Bxc5 24. Rxd7 Rxe3 25.
Na4 Re1+ 26. Kh2 Bg1+ 27. Kg3 Rxa1 0-1

[Event "*** Titled Tuesday Blitz"]
[Site "Chess.com"]
[Date "2021.03.02"]
[Round "2"]
[White "UCantHandleDenker"]
[Black "Msb2"]
[Result "0-1"]
[WhiteElo "2550"]
[BlackElo "2889"]
[TimeControl "180+1"]
[EndTime "10:15:17 PST"]
[Termination "Msb2 won by resignation"]

1. Nf3 d5 2. d3 Nf6 3. g3 Bg4 4. Bg2 e6 5. O-O Be7 6. Nbd2 O-O 7. h3 Bh5 8. Qe1 c5 9. e4 Nc6 10. a3 Qc7 11. Kh1 Rad8 12. Rg1 Rfe8 13. c3 Nd7 14. g4 Bg6 15. Qe2 h6 16. Ne1 dxe4 17. dxe4 Bg5 18.
Nc4 Bxc1 19. Rxc1 b5 20. Ne3 c4 21. N1c2 Nc5 22. Nb4 Bxe4 23. Bxe4 Nxe4 24. Nxc4 Nxb4 25.
Qxe4 Nd3 0-1

[Event "*** Titled Tuesday Blitz"]
[Site "Chess.com"]
[Date "2021.03.02"]
[Round "2"]
[White "CHENNAIBOND"]
[Black "tk22h"]
[Result "0-1"]
[WhiteElo "1732"]
[BlackElo "2352"]
[TimeControl "180+1"]
[EndTime "10:15:17 PST"]
[Termination "tk22h won by resignation"]

1. e4 e5 2. Nf3 Nc6 3. Bb5 a6 4.
Ba4 Nf6 5. O-O Be7 6. Re1 b5 7.
Bb3 d6 8. c3 O-O 9. h3 Na5 10.
Bc2 c5 11. d4 Qc7 12. d5 c4 13.
Be3 Nb7 14. a4 Bd7 15. Nbd2 Nc5 16. Bxc5 Qxc5 17. Nf1 Rfc8 18. Ne3 g6 19. Nd2 Bf8 20. Ng4 Nh5 21. Qf3 Bg7 22. Nf1 Rf8 23. Ng3 Nf4 24. Ne2 Nxe2+ 25. Rxe2 f5 26. exf5 gxf5 27. Ne3 e4 28.
Qg3 Kh8 0-1

[Event "*** Titled Tuesday Blitz"]
[Site "Chess.com"]
[Date "2021.03.02"]
[Round "2"]
[White "federicosellitti"]
[Black "Soltan49"]
[Result "1-0"]
[WhiteElo "2518"]
[BlackElo "2221"]
[TimeControl "180+1"]
[EndTime "10:15:18 PST"]
[Termination "federicosellitti won by resignation"]

1. e4 e5 2. Nc3 Nc6 3. f4 d6 4.
Nf3 Bg4 5. Bc4 Nh6 6. O-O Nd4 7. d3 Nxf3+ 8. Rxf3 Bxf3 9. Qxf3 Qd7 10. a4 Qg4 11. Qf2 Qd7 12. a5 Ng4 13. Qg3 Be7 14. a6 bxa6 15. Rxa6 O-O 16. f5 Nf6 17. Bh6 g6 18. fxg6 d5 19. gxh7+ 1-0

[Event "*** Titled Tuesday Blitz"]
[Site "Chess.com"]
[Date "2021.03.02"]
[Round "2"]
[White "Pogosian_Manvel"]
[Black "campomania3"]
[Result "1-0"]
[WhiteElo "2413"]
[BlackElo "2156"]
[TimeControl "180+1"]
[EndTime "10:15:18 PST"]
[Termination "Pogosian_Manvel won by resignation"]

1. d4 d5 2. c4 c6 3. Nc3 e5 4.
cxd5 cxd5 5. e3 e4 6. Nge2 Nf6 7. Qb3 Nc6 8. Nf4 Bb4 9. Bd2 Bxc3 10. Bxc3 O-O 11.
h4 b6 12. Be2 Bb7 13. Rc1 Rc8 14. O-O h6 15. Bd2 Qd7 16. h5 Qf5 17. Qa3 Rc7 18.
Rc2 Rfc8 19. Rfc1 Nxd4 20. Rxc7 Rxc7 21. Rxc7 Nf3+ 22. gxf3 exf3 23. Bxf3 1-0

[Event "*** Titled Tuesday Blitz"]
[Site "Chess.com"]
[Date "2021.03.02"]
[Round "2"]
[White "Ze-Pequeno"]
[Black "Skatchkov_V"]
[Result "0-1"]
[WhiteElo "2228"]
[BlackElo "2615"]
[TimeControl "180+1"]
[EndTime "10:15:19 PST"]
[Termination "Skatchkov_V won by resignation"]

1. e4 e5 2. Nf3 d5 3. exd5 e4 4. Qe2 Nf6 5. d3 Qxd5 6. Nbd2 Nc6 7.
Nxe4 Be6 8. Nxf6+ gxf6 9. c3 O-O-O 10. d4 Bd6 11. Be3 Rhe8 12. Qb5 Qe4 13. Bd3 Qg4 14. Rg1 Bd7 15. h3 Qf4 16. Kd2 Nxd4 17. Bxf4 Bxf4+ 0-1

[Event "*** Titled Tuesday Blitz"]
[Site "Chess.com"]
[Date "2021.03.02"]
[Round "2"]
[White "ailime26"]
[Black "davigator"]
[Result "0-1"]
[WhiteElo "2105"]
[BlackElo "2398"]
[TimeControl "180+1"]
[EndTime "10:15:19 PST"]
[Termination "davigator won by resignation"]

1. e4 c5 2. Nf3 Nc6 3. d4 cxd4 4. Nxd4 Nf6 5. Nc3 d6 6. Be3 Ng4 7. Bc1 Qb6 8. Bb5 Bd7 9. Bxc6 bxc6 10. O-O g6 11. h3 Nf6 12. Be3 Qxb2 13. Qd3 Qb8 14.
Rfb1 Qc7 15. a4 Bg7 16. f4 O-O 17. a5 Rfb8 18. a6 Rxb1+ 19. Rxb1 Rb8 20. Rxb8+ Qxb8 21. Na4 c5 22. e5 Ne8 23. exd6 0-1

[Event "*** Titled Tuesday Blitz"]
[Site "Chess.com"]
[Date "2021.03.02"]
[Round "2"]
[White "jefferyx"]
[Black "KeithArkell"]
[Result "1-0"]
[WhiteElo "3024"]
[BlackElo "2598"]
[TimeControl "180+1"]
[EndTime "10:15:20 PST"]
[Termination "jefferyx won by checkmate"]

1. d4 e6 2. e4 d5 3. exd5 exd5 4. Nf3 Nf6 5. Bd3 Bg4 6. O-O Be7 7. Bg5 O-O 8. Nbd2 Nbd7 9. c3 c6 10. Re1 Re8 11. Qc2 Bh5 12. Re3 Bg6 13. Bxg6 hxg6 14.
Rae1 Nf8 15. Ne5 N8h7 16. Bh4 g5 17. Bg3 Bf8 18. h4 gxh4 19. Bxh4 Qa5 20. Rh3 Qxa2 21.
Ree3 Qa1+ 22. Kh2 Rxe5 23. Bxf6 Nxf6 24. dxe5 Ng4+ 25. Kg3 f5 26. Qxf5 Nxe3 27. Qe6# 1-0

[Event "*** Titled Tuesday Blitz"]
[Site "Chess.com"]
[Date "2021.03.02"]
[Round "2"]
[White "Jagerrmeisterr"]
[Black "MendozaDavid2000"]
[Result "1-0"]
[WhiteElo "2638"]
[BlackElo "2340"]
[TimeControl "180+1"]
[EndTime "10:15:24 PST"]
[Termination "Jagerrmeisterr won by resignation"]

1. e4 c5 2. Nc3 d6 3. g3 g6 4. Bg2 Bg7 5. d3 Nc6 6. Be3 e6 7. Qd2 Nd4 8. Nd1 e5 9. c3 Ne6 10. f4 f5 11. Nf3 Ne7 12. Nf2 O-O 13. O-O-O Qa5 14. Kb1 exf4 15. gxf4 Rb8 16. d4 fxe4 17. Nxe4 Nf5 18. dxc5 Nxc5 19. Bxc5 dxc5 20. Qd5+ Kh8 21. Nfg5 h6 22. Nf7+ Kh7 23. h4 Ne3 24. Neg5+ hxg5 25. hxg5+ Kg8 26. Nh6+ Kh7 27. Nf5+ Bh6 1-0

[Event "*** Titled Tuesday Blitz"]
[Site "Chess.com"]
[Date "2021.03.02"]
[Round "2"]
[White "Ural_bogatyr"]
[Black "bakki78"]
[Result "0-1"]
[WhiteElo "2509"]
[BlackElo "2777"]
[TimeControl "180+1"]
[EndTime "10:15:26 PST"]
[Termination "bakki78 won by resignation"]

1. e4 c5 2. Nf3 Nc6 3. c3 Nf6 4. e5 Nd5 5. d4 cxd4 6. cxd4 d6 7.
Bc4 e6 8. O-O Be7 9. Re1 O-O 10.
Nc3 Nxc3 11. bxc3 dxe5 12. Nxe5 Nxe5 13. Rxe5 Qc7 14. Qd3 Bd6 15. Rh5 g6 16. Rh4 f5 17.
Bg5 Bd7 18. Re1 Rac8 19. d5 e5 20.
Qh3 Rf7 21. Rc1 f4 22. Qd3 Qxc4 23. Qd2 Rc5 24. Qb2 Rb5 25. Qc2 Rxd5 26. Rh3 Bxh3 0-1

[Event "*** Titled Tuesday Blitz"]
[Site "Chess.com"]
[Date "2021.03.02"]
[Round "2"]
[White "Mr_Sinigami"]
[Black "yuki_chess123"]
[Result "1-0"]
[WhiteElo "2613"]
[BlackElo "2222"]
[TimeControl "180+1"]
[EndTime "10:15:28 PST"]
[Termination "Mr_Sinigami won by resignation"]

1. d4 g6 2. Nf3 Bg7 3. e4 c6 4. Nc3 d5 5. h3 f6 6. Bd3 Nh6 7. O-O O-O 8. Qe2 Nf7 9. Re1 e6 10. Bf4 Nd7 11. Rad1 e5 12. Bg3 exd4 13. Nxd4 Nb6 14.
exd5 cxd5 15. Ne6 Bxe6 16. Qxe6 Re8 17. Qxe8+ Qxe8 18. Rxe8+ Rxe8 19. Bb5 Rc8 20. Nxd5 Nxd5 21.
Rxd5 Rxc2 22. Rd7 a6 23. Ba4 Rc1+ 24. Kh2 Kf8 25. Bb3 Nh6 26. Bd6+ 1-0

[Event "*** Titled Tuesday Blitz"]
[Site "Chess.com"]
[Date "2021.03.02"]
[Round "2"]
[White "Pelopidass"]
[Black "LamaChampetre"]
[Result "1-0"]
[WhiteElo "2611"]
[BlackElo "2199"]
[TimeControl "180+1"]
[EndTime "10:15:28 PST"]
[Termination "Pelopidass won by resignation"]

1. e4 c5 2. Nf3 g6 3. h4 Nc6 4. h5 Bg7 5. Nc3 d6 6. Bc4 Ne5 7. Nxe5 Bxe5 8. Qf3 Nf6 9. hxg6 fxg6 10. d3 Bg4 11. Qe3 Qb6 12. Bb5+ Bd7 13. Bxd7+ Nxd7 14. Nd5 Qc6 15. Qh3 Nf6 16. f4 Bc3+ 17. Nxc3 1-0

[Event "*** Titled Tuesday Blitz"]
[Site "Chess.com"]
[Date "2021.03.02"]
[Round "2"]
[White "Jungle_Jaguar"]
[Black "Trickster_Pony"]
[Result "1-0"]
[WhiteElo "2603"]
[BlackElo "1444"]
[TimeControl "180+1"]
[EndTime "10:15:28 PST"]
[Termination "Jungle_Jaguar won on time"]

1. b3 d5 2. Bb2 c5 3. Nf3 Nc6 4. e3 Nf6 5. d4 cxd4 6. exd4 e6 7. Be2 Bb4+ 8. c3 Bd6 9. O-O O-O 10. Re1 Qc7 11.
Nbd2 Rd8 12. Rc1 e5 13. dxe5 Nxe5 14. Nxe5 Bxe5 15. Nf3 Bf4 16. Rc2 Bf5 17. Bd3 Ne4 18. g3 Bd6 19. c4 Bb4 20. cxd5 1-0

[Event "*** Titled Tuesday Blitz"]
[Site "Chess.com"]
[Date "2021.03.02"]
[Round "2"]
[White "Rytenko_V"]
[Black "WiktoriaPOL"]
[Result "1-0"]
[WhiteElo "2373"]
[BlackElo "2019"]
[TimeControl "180+1"]
[EndTime "10:15:28 PST"]
[Termination "Rytenko_V won by checkmate"]

1. d4 d5 2. Nf3 Nf6 3. Bg5 e6 4. e3 c5 5. c4 Be7 6. Nc3 dxc4 7. Bxc4 O-O 8. O-O Nc6 9. Rc1 cxd4 10. exd4 Nb4 11.
Ne5 Bd6 12. Qf3 Be7 13. Rfe1 Rb8 14. h3 Nbd5 15. Bxf6 Nxf6 16. d5 exd5 17. Nxd5 Nxd5 18. Bxd5 Bf6 19. Nxf7 Rxf7 20. Qb3 Qd7 21. Bxf7+ Qxf7 22. Re8# 1-0

[Event "*** Titled Tuesday Blitz"]
[Site "Chess.com"]
[Date "2021.03.02"]
[Round "2"]
[White "Coiote53"]
[Black "louis198"]
[Result "0-1"]
[WhiteElo "2364"]
[BlackElo "2648"]
[TimeControl "180+1"]
[EndTime "10:15:31 PST"]
[Termination "louis198 won by resignation"]

1. e4 e6 2. d4 d5 3. Nc3 dxe4 4. Nxe4 Bd7 5. Nf3 Bc6 6. Bd3 Nd7 7. Bf4 Ngf6 8. Nxf6+ Nxf6 9. O-O Bd6 10. Ne5 Bxe5 11. Bxe5 Nd7 12. Bg3 h5 13. h4 Qf6 14.
c3 g5 15. hxg5 Qxg5 16. Qc1 Qg7 17. Qf4 h4 18. Qxc7 hxg3 19. fxg3 Qh6 20. Kf2 Qd2+ 21. Be2 Nf6 22. Qf4 Ne4+ 23. Kg1 Qxe2 24. Qxf7+ Kd8 25. Qg7 Qe3+ 0-1

[Event "*** Titled Tuesday Blitz"]
[Site "Chess.com"]
[Date "2021.03.02"]
[Round "2"]
[White "kleopl"]
[Black "slavenok"]
[Result "0-1"]
[WhiteElo "2485"]
[BlackElo "2708"]
[TimeControl "180+1"]
[EndTime "10:15:33 PST"]
[Termination "slavenok won by resignation"]

1. c4 c5 2. Nf3 Nc6 3. Nc3 e5 4. e3 Nf6 5. d4 exd4 6. exd4 cxd4 7. Nxd4 Be7 8. Be2 O-O 9. O-O d5 10. Nxc6 bxc6 11. cxd5 cxd5 12. Be3 Be6 13. Bf3 Qa5 14.
Bd4 Rab8 15. b3 Rfe8 16. Re1 h6 17. h3 Bb4 18. Re3 Ne4 19. Nxe4 dxe4 20. Rxe4 Rbd8 21. Qe2 Bc3 22. Bxc3 Qxc3 23. Re1 Rd2 24. Qb5 Red8 25.
R4e2 Rxe2 26. Rxe2 Qc1+ 27. Kh2 Qf4+ 28. g3 Qxf3 0-1

[Event "*** Titled Tuesday Blitz"]
[Site "Chess.com"]
[Date "2021.03.02"]
[Round "2"]
[White "Parhamov"]
[Black "tapu2"]
[Result "1-0"]
[WhiteElo "2888"]
[BlackElo "2550"]
[TimeControl "180+1"]
[EndTime "10:15:35 PST"]
[Termination "Parhamov won on time"]

1. c4 e6 2. g3 d5 3. Bg2 Nf6 4. Nf3 Be7 5. O-O O-O 6. d4 dxc4 7. Qc2 a6 8. Rd1 Bd7 9. Bg5 Bc6 10.
Nbd2 b5 11. e4 h6 12. Be3 Bb7 13. a4 Nbd7 14. h3 Nb6 15. a5 Nbd7 16. Ne1 Qc8 17. b3 cxb3 18. Nxb3 Re8 19. Rac1 e5 20. d5 Bd6 21.
Nd3 Nh7 22. f4 f6 23. h4 1-0

[Event "*** Titled Tuesday Blitz"]
[Site "Chess.com"]
[Date "2021.03.02"]
[Round "2"]
[White "maxip32"]
[Black "Yaacovn"]
[Result "0-1"]
[WhiteElo "2518"]
[BlackElo "2786"]
[TimeControl "180+1"]
[EndTime "10:15:35 PST"]
[Termination "Yaacovn won on time"]

1. e4 c6 2. d4 d5 3. e5 Bf5 4. h4 Qb6 5. c3 h6 6. g4 Be4 7. f3 Bxb1 8. Rxb1 e6 9. Bd3 c5 10. Be3 Nc6 11. Ne2 cxd4 12. cxd4 Nxe5 13. dxe5 Qxe3 14.
Bb5+ Kd8 15. Rc1 Bc5 16. Qc2 Rc8 17. Kd1 Ne7 18. Qa4 a6 19. Bxa6 bxa6 20. Qxa6 Kd7 21.
Qb5+ Rc6 22. b4 Bb6 23. a4 Rb8 24. Rxc6 Nxc6 25. a5 Qb3+ 0-1

[Event "*** Titled Tuesday Blitz"]
[Site "Chess.com"]
[Date "2021.03.02"]
[Round "2"]
[White "Fy_Rakotomaharo"]
[Black "Misha_Bilous"]
[Result "1-0"]
[WhiteElo "2748"]
[BlackElo "2501"]
[TimeControl "180+1"]
[EndTime "10:15:36 PST"]
[Termination "Fy_Rakotomaharo won by resignation"]

1. d4 Nf6 2. c4 g6 3. Nc3 Bg7 4. e4 d6 5. Nf3 O-O 6. Be2 e5 7.
O-O Nc6 8. d5 Ne7 9. b4 Ne8 10.
c5 f5 11. Ng5 h6 12. Ne6 Bxe6 13.
dxe6 Nf6 14. f3 d5 15. exd5 Nfxd5 16. Nxd5 Qxd5 17. Bb2 Rfd8 18. Qxd5 Rxd5 19. Bc4 Rd2 20. Bc3 Rc2 21. Rac1 Rxc1 22. Rxc1 Rd8 23. Re1 e4 24. Bxg7 Kxg7 25. fxe4 Rd4 26. Bb3 fxe4 27. Rf1 Nf5 28. g4 Kf6 29. gxf5 gxf5 30. Rxf5+ Kxf5 31. e7 1-0

[Event "*** Titled Tuesday Blitz"]
[Site "Chess.com"]
[Date "2021.03.02"]
[Round "2"]
[White "verdest"]
[Black "francyIM"]
[Result "0-1"]
[WhiteElo "2479"]
[BlackElo "2688"]
[TimeControl "180+1"]
[EndTime "10:15:42 PST"]
[Termination "francyIM won by resignation"]

1. d4 Nf6 2. c4 e6 3. Nf3 d5 4.
Nc3 c6 5. Bg5 Nbd7 6. e3 Qa5 7.
Nd2 Bb4 8. Qc2 O-O 9. Be2 b6 10.
O-O Bxc3 11. bxc3 Ba6 12. Nb3 Qa4 13. cxd5 Bxe2 14. Qxe2 cxd5 15. f3 Rac8 16. Rac1 Rc4 17. e4 Rfc8 18. e5 Ne8 19. Qd2 Qc6 20. Qf4 Rxc3 21.
Rxc3 Qxc3 22. Rc1 Qb4 23. h4 Rc4 24. h5 h6 25. Bxh6 Rxc1+ 26. Qxc1 gxh6 27. Qxh6 Qe1+ 28. Kh2 Qh4+ 29. Kg1 a5 30. f4 a4 31. Nd2 Qg4 0-1

[Event "*** Titled Tuesday Blitz"]
[Site "Chess.com"]
[Date "2021.03.02"]
[Round "2"]
[White "manipun1"]
[Black "Ekose"]
[Result "0-1"]
[WhiteElo "2230"]
[BlackElo "2537"]
[TimeControl "180+1"]
[EndTime "10:15:42 PST"]
[Termination "Ekose won by resignation"]

1. e4 e6 2. Nf3 d5 3. Nc3 dxe4 4. Nxe4 Bd7 5. d4 Bc6 6. Bd3 Nd7 7. Qe2 Ngf6 8. Bg5 Be7 9. Nxf6+ Bxf6 10. Bxf6 Qxf6 11.
O-O-O Bxf3 12. Qxf3 Qxf3 13. gxf3 O-O-O 14. c3 Nf6 15. h4 h5 16. Bc2 g6 17. Rhe1 Rd5 18. Re5 Rhd8 19. Rde1 c6 20. Bb3 Rxe5 21. dxe5 Ng8 22.
Rd1 Ne7 23. Bc2 Rxd1+ 24. Kxd1 Nd5 25. Kd2 Nf4 26. Be4 Ng2 27. Ke2 Nxh4 28. f4 Kc7 29. b4 b6 30. a4 a5 31. bxa5 bxa5 32. c4 Kb6 33. Kd3 Kc5 0-1

[Event "*** Titled Tuesday Blitz"]
[Site "Chess.com"]
[Date "2021.03.02"]
[Round "2"]
[White "Grieve72"]
[Black "vugarrasulov"]
[Result "0-1"]
[WhiteElo "2522"]
[BlackElo "2790"]
[TimeControl "180+1"]
[EndTime "10:15:45 PST"]
[Termination "vugarrasulov won by resignation"]

1. e4 e5 2. Nf3 Nc6 3. Bc4 Nf6 4. d3 Be7 5. O-O O-O 6. Re1 d6 7. a4 Na5 8. Ba2 c5 9. c3 Nc6 10. Na3 h6 11. Nc4 Be6 12. h3 Re8 13. Bd2 Bf8 14.
b4 cxb4 15. cxb4 d5 16. exd5 Bxd5 17. b5 Nb4 18. Bxb4 Bxb4 19. Rxe5 Rxe5 20. Ncxe5 Bc3 21. Rc1 Bxe5 22. Nxe5 Bxa2 23. Qd2 Be6 24. a5 Rc8 25.
Rxc8 Qxc8 26. Qb4 Nd5 27. Qd4 Qc1+ 28. Kh2 Qf4+ 29. Qxf4 Nxf4 30. Kg3 Ne2+ 31. Kh2 Nc3 32. b6 axb6 33. axb6 Na4 34. Nc6 Nxb6 35. Nd8 Bd5 0-1

[Event "*** Titled Tuesday Blitz"]
[Site "Chess.com"]
[Date "2021.03.02"]
[Round "2"]
[White "schondeln"]
[Black "pedro_nascimento85"]
[Result "1-0"]
[WhiteElo "2400"]
[BlackElo "2114"]
[TimeControl "180+1"]
[EndTime "10:15:47 PST"]
[Termination "schondeln won by resignation"]

1. e4 e6 2. b3 d5 3. Bb2 dxe4 4. Nc3 Nf6 5. Qe2 Be7 6. Nxe4 Nxe4 7. Qxe4 Bf6 8. d4 O-O 9. Nf3 c5 10. O-O-O Qa5 11.
Kb1 Nc6 12. Bd3 g6 13. dxc5 Bxb2 14. Kxb2 Nb4 15. a3 Nxd3+ 16. Rxd3 Qxc5 17. Qd4 Qxd4+ 18.
Rxd4 b6 19. Ne5 Bb7 20. f3 Rfd8 21. Rhd1 Rd5 22. Rxd5 Bxd5 23. c4 Bb7 24. Rd7 f6 25. Nxg6 hxg6 26. Rxb7 Rd8 27. Kc3 Rd1 28. Rxa7 Rg1 29.
g3 Rg2 30. Rb7 Rxh2 31. Rxb6 Kf7 32. Rb7+ Kf8 33. a4 Rf2 34. f4 Rf3+ 35. Kd4 Rxg3 36. a5 Rg1 37. a6 Ra1 38. a7 1-0

[Event "*** Titled Tuesday Blitz"]
[Site "Chess.com"]
[Date "2021.03.02"]
[Round "2"]
[White "albi1999"]
[Black "exoticprincess"]
[Result "0-1"]
[WhiteElo "2593"]
[BlackElo "2997"]
[TimeControl "180+1"]
[EndTime "10:15:51 PST"]
[Termination "exoticprincess won by resignation"]

1. d4 Nf6 2. c4 c5 3. d5 e6 4.
Nc3 exd5 5. cxd5 d6 6. e4 g6 7. h3 Bg7 8. Nf3 O-O 9. Bd3 Re8 10.
O-O a6 11. a4 Nbd7 12. Bf4 Nh5 13. Bxd6 Qb6 14. e5 Nxe5 15. Bxe5 Bxe5 16. Nxe5 Rxe5 17.
Qd2 Bd7 18. Rfe1 Rae8 19. Rxe5 Rxe5 20. Re1 Rxe1+ 21. Qxe1 Qxb2 22. d6 Nf6 23. Qe5 Kg7 24.
Qxc5 Qc1+ 25. Bf1 b5 26. Qd4 bxa4 27. Nxa4 Bb5 28. Nc3 Qxf1+ 29. Kh2 Qc4 30. Qxc4 Bxc4 31. Ne4 Nd7 0-1

[Event "*** Titled Tuesday Blitz"]
[Site "Chess.com"]
[Date "2021.03.02"]
[Round "2"]
[White "wonderfultime"]
[Black "ValeriyGrinev"]
[Result "1-0"]
[WhiteElo "2918"]
[BlackElo "2561"]
[TimeControl "180+1"]
[EndTime "10:15:51 PST"]
[Termination "wonderfultime won by resignation"]

1. d4 Nf6 2. Nf3 g6 3. Bg5 Bg7 4. Nbd2 c5 5. c3 b6 6. e3 Bb7 7. Bd3 O-O 8. O-O d6 9. Qe2 a6 10. e4 h6 11. Bh4 cxd4 12. cxd4 Nh5 13. Qe3 g5 14. Bg3 Nc6 15. Nb3 a5 16. a4 Nb4 17.
Rfc1 Nxd3 18. Qxd3 Qd7 19. Nfd2 Rac8 20. Rc3 f5 21.
exf5 Qxf5 22. Qxf5 Rxf5 23. Nc4 Nxg3 24. hxg3 Bd5 25.
Ne3 Rxc3 26. bxc3 Bxb3 27. Nxf5 Bf8 28. Ne3 e5 29. d5 h5 30. Ra3 1-0

[Event "*** Titled Tuesday Blitz"]
[Site "Chess.com"]
[Date "2021.03.02"]
[Round "2"]
[White "PlotnikovPavel"]
[Black "Kaslask"]
[Result "1-0"]
[WhiteElo "2479"]
[BlackElo "2283"]
[TimeControl "180+1"]
[EndTime "10:15:52 PST"]
[Termination "PlotnikovPavel won by resignation"]

1. e4 c5 2. c3 e6 3. d4 d5 4. e5 Nc6 5. Nf3 Bd7 6. a3 Rc8 7. b4 cxd4 8. cxd4 b5 9. Bd2 Qb6 10. Bc3 a5 11. bxa5 Nxa5 12. Be2 Ne7 13. O-O Nec6 14. h4 Be7 15. h5 h6 16. Bd3 Nc4 17. Nbd2 N6a5 18. Nb3 Ra8 19. Nxa5 Nxa5 20. Bb4 Nc4 21.
Bxe7 Kxe7 22. Qb3 Qa5 23. Rfb1 Rhc8 24. g4 Rab8 25. Kg2 Nd2 26. Nxd2 Qxd2 27. Qb4+ Qxb4 28. axb4 Rc3 29. Be2 Rc2 30. Kf1 Rd2 31. Ra7 Rxd4 32. Rc1 Rxb4 33. Rcc7 Rd8 34. Rcb7 d4 35. Bxb5 d3 36.
Rxd7+ Rxd7 37. Rxd7+ Ke8 38. Rb7+ Kf8 39. Rb8+ 1-0